 Dungeon Crawl Stone Soup version 0.23.1 (webtiles) character file.

Game seed: 8770083904741674717

538 Zoink the Stinger (level 7, 0/45 HPs)
             Began as an Octopode Venom Mage on Mar 16, 2019.
             Slain by a centaur (5 damage)
             ... on level 5 of the Dungeon.
             The game lasted 00:06:44 (5510 turns).

Zoink the Stinger (Octopode Venom Mage)             Turns: 5510, Time: 00:06:44

Health: 0/45       AC:  1    Str:  7    XL:     7   Next: 26%
Magic:  5/11       EV: 14    Int: 17    God:
Gold:   310        SH:  0    Dex: 15    Spells: 5/12 levels left

rFire    . . .     SeeInvis .   q - +2 mace (holy)
rCold    . . .     Gourm    .   (no shield)
rNeg     . . .     Faith    .   (helmet restricted)
rPois    .         Spirit   .   (no amulet)
rElec    .         Reflect  .   (no ring)
rCorr    .         Harm     .   (no ring)
MR       .....                  (no ring)
Stlth    ++++......             (no ring)
HPRegen  0.15/turn              (no ring)
MPRegen  0.12/turn              (no ring)
                                (no ring)
                                (no ring)

@: no status effects
A: almost no armour, stealthy swim, amphibious, 8 rings, constrict 8, camouflage
1, gelatinous body 1
a: no special abilities


You were on level 5 of the Dungeon.
You were hungry.

You visited 1 branch of the dungeon, and saw 5 of its levels.

You collected 310 gold pieces.

Inventory:

Hand Weapons
 m - a +0 whip
 o - a +0 flail
 q - a +2 mace of holy wrath (weapon)
 r - a +0 trident
Armour
 n - a +0 shield
Wands
 s - a wand of acid (10)
Scrolls
 a - 2 scrolls of identify {unknown}
 d - 3 scrolls of remove curse {unknown}
 f - a scroll of immolation {unknown}
 i - a scroll of fear {unknown}
 k - 3 scrolls of teleportation {unknown}
 l - 3 scrolls of amnesia {unknown}
 p - a scroll of enchant weapon {unknown}
Potions
 c - 3 potions of curing
 e - a potion of haste {unknown}
 g - a potion of flight {unknown}
 h - 2 potions of brilliance {unknown}
 j - a potion of berserk rage {unknown}
 t - a potion of mutation {unknown}
 u - a potion of lignification {unknown}
Comestibles
 b - 7 rations


   Skills:
 + Level 2.0 Fighting
 + Level 3.0 Dodging
 - Level 5.0 Stealth
 + Level 3.2 Spellcasting
 - Level 1.0 Conjurations
 * Level 3.7 Air Magic
 + Level 5.3 Poison Magic


You had 5 spell levels left.
You knew the following spells:

 Your Spells              Type           Power        Failure   Level  Hunger
a - Sting                 Conj/Pois      ##..         4%          1    None
b - Poisonous Vapours     Pois/Air       ###...       4%          2    ##.....
c - Olgreb's Toxic Radia  Pois           ###.....     19%         4    ####...

Your spell library contained the following spells:

 Spells                   Type           Power        Failure   Level  Hunger
 Mephitic Cloud           Conj/Pois/Air  ##......     13%         3    ###....
 Venom Bolt               Conj/Pois      ##........   78%         5    ######.


Dungeon Overview and Level Annotations

Branches:
Dungeon (5/15)             Temple (0/1) D:4

Altars:
Makhleb
Okawaru

Annotations:
D:4 exclusion: ice beast


Innate Abilities, Weirdness & Mutations

You cannot wear most types of armour.
You are very stealthy in the water. (Stealth+)
You are amphibious.
You can wear up to eight rings at the same time.
You can use your tentacles to constrict eight enemies at once.
Your skin changes colour to match your surroundings (Stealth+).
Your rubbery body absorbs attacks. (AC +1, EV +1)


Message History

Aiming: Poisonous Vapours (safe; 4% risk of failure)
Press: ? - help, Dir - move target cursor, f/p - centaur
Aim: a centaur (moderately wounded, poisoned) Poisonous vapours surround the centaur!
The centaur is engulfed in poison gas.
The centaur looks even sicker.
The centaur hits you.
* * * LOW HITPOINT WARNING * * *
The centaur skeleton hits you!
* * * LOW HITPOINT WARNING * * *
The centaur is engulfed in poison gas.
The centaur looks even sicker.
The centaur barely misses you.
It was a potion of curing.
You feel better. The centaur hits you.
* * * LOW HITPOINT WARNING * * *
The centaur skeleton hits you.
* * * LOW HITPOINT WARNING * * *
Sorry, you're not good enough to have a special ability.
Unknown command.
You feel better. The centaur misses you. The centaur skeleton hits you.
* * * LOW HITPOINT WARNING * * *
The centaur hits you.
You die...

...######..........##
#..$# ##.####...##
....# #.###...####
#.#..####.##..#....#
#..#...#(.##.####...
#.###(....#.####...
#..................
##.......#(.####...
#@..#####..###..##
#cZ).# ##..##..##
.........#...>..##
...................#
######............#.###
...#.....###......
.....#... ####...
####..... .....##.
#...# ........


You could see a centaur and a centaur skeleton.

Vanquished Creatures
  A sky beast (D:5)
  An ogre (D:4)
  A water moccasin skeleton (D:4)
  A howler monkey (D:4)
  A crimson imp (D:5)
  A hound (D:4)
  A bullfrog skeleton (D:5)
  Terence (D:2)
  A hound skeleton (D:4)
  6 adders
  3 river rats (D:4)
  An ooze (D:2)
  2 worms (D:4)
  A dart slug (D:2)
  3 leopard geckos
  6 orcs
  6 bats
  5 giant cockroaches
  3 hobgoblins
  2 jackals (D:2)
  2 kobolds
  2 quokkas
  2 ball pythons (D:4)
  A ball python skeleton (D:4)
  5 frilled lizards
  2 goblins
  6 rats
67 creatures vanquished.

Notes
Turn   | Place    | Note
-------+----------+-------------------------------------------
     0 | D:1      | Zoink the Octopode Venom Mage began the quest for the Orb.
     0 | D:1      | Reached XP level 1. HP: 11/11 MP: 3/3
   757 | D:1      | Reached XP level 2. HP: 17/17 MP: 5/5
   761 | D:1      | Learned a level 2 spell: Poisonous Vapours
  1481 | D:2      | Found a burning altar of Makhleb.
  1612 | D:2      | Reached XP level 3. HP: 22/22 MP: 6/6
  1661 | D:2      | Noticed Terence
  1669 | D:2      | Killed Terence
  1880 | D:2      | Reached skill level 1 in Air Magic
  2067 | D:2      | Reached XP level 4. HP: 24/27 MP: 7/7
  3156 | D:3      | Reached skill level 1 in Fighting
  3523 | D:4      | Reached XP level 5. HP: 33/33 MP: 3/8
  3685 | D:4      | Found a staircase to the Ecumenical Temple.
  3716 | D:4      | Noticed an ogre
  3737 | D:4      | Killed an ogre
  3737 | D:4      | Reached skill level 5 in Stealth
  3737 | D:4      | Reached XP level 6. HP: 38/38 MP: 2/9
  3801 | D:4      | Noticed an ice beast
  4983 | D:4      | Reached skill level 5 in Poison Magic
  5175 | D:5      | Entered Level 5 of the Dungeon
  5221 | D:5      | Found an iron altar of Okawaru.
  5224 | D:5      | Reached XP level 7. HP: 44/44 MP: 11/11
  5472 | D:5      | Learned a level 4 spell: Olgreb's Toxic Radiance
  5509 | D:5      | HP: 2/45 [centaur skeleton (2)]
  5510 | D:5      | Slain by a centaur

Skill      XL: |  1  2  3  4  5  6  7 |
---------------+----------------------+-----
Poison Magic   | 4 5 |  5.3
Stealth        | 3 4 5 |  5.0
Air Magic      | 1 2 3 |  3.7
Fighting       | 1 2 |  2.0
Spellcasting   | 3 |  3.2
Dodging        | 3 |  3.0
Conjurations   | |  1.0

Action                   |  1- 3 |  4- 6 |  7- 9 || total
-------------------------+-------+-------+-------++-------
Melee: Unarmed           |    24 |       |       ||    24
       Constrict         |    17 |    21 |     1 ||    39
       Tentacles         |     6 |    13 |       ||    19
       Whip              |    27 |       |       ||    27
       Flail             |    10 |    10 |       ||    20
       Mace              |       |    63 |     2 ||    65
 Cast: Sting             |     3 |       |     2 ||     5
       Poisonous Vapours |     4 |    21 |     7 ||    32
  Use: Potion            |       |       |     2 ||     2
 Stab: Sleeping          |     9 |     4 |       ||    13
  Eat: Chunk             |     4 |     6 |     2 ||    12
       Ration            |       |     1 |       ||     1
Armor: Skin              |    10 |     3 |     1 ||    14
Dodge: Dodged            |    46 |    71 |    10 ||   127
